 Dungeon Crawl Stone Soup version 0.28-a0-46-g7b1be97da7 (webtiles) character file.

Game seed: 10446427625301935554

84 sanka the Ducker (level 4, 0/41 HPs)
             Began as a Gnoll Monk on July 29, 2021.
             Slain by Robin (8 damage)
             ... on level 1 of the Dungeon.
             The game lasted 00:02:11 (2321 turns).

sanka the Ducker (Gnoll Monk)                       Turns: 2321, Time: 00:02:11

Health: 0/41       AC:  2    Str: 12    XL:     4   Next: 45%
Magic:  5/5        EV: 15    Int:  9    God:
Gold:   33         SH:  0    Dex: 14    Spells: 5/5 levels left

rFire   . . .      SeeInvis .   a - +0 mace
rCold   . . .      Faith    .   (no shield)
rNeg    . . .      Spirit   .   b - +0 robe
rPois   .          Reflect  .   (no helmet)
rElec   .          Harm     .   (no cloak)
rCorr   .          Rampage  .   (no gloves)
Will    .....                   (no boots)
Stlth   +++.......              (no amulet)
HPRegen 0.13/turn               (no ring)
MPRegen 0.09/turn               (no ring)

@: no status effects
A: fangs 1, strong nose, distributed training
a: no special abilities


You were on level 1 of the Dungeon.
You visited 1 branch of the dungeon, and saw 2 of its levels.

You collected 33 gold pieces.


Innate Abilities, Weirdness & Mutations

You have very sharp teeth.
Your uncanny sense of smell can sniff out nearby items.
Your experience applies equally to all skills.


   Skills:
 + Level 6.6 Fighting
 + Level 1.1 Short Blades
 + Level 1.1 Long Blades
 + Level 1.1 Axes
 + Level 6.6 Maces & Flails
 + Level 1.1 Polearms
 + Level 1.1 Staves
 + Level 1.1 Slings
 + Level 1.1 Bows
 + Level 1.1 Crossbows
 + Level 1.1 Throwing
 + Level 1.1 Armour
 + Level 6.6 Dodging
 + Level 4.2 Stealth
 + Level 1.1 Shields
 + Level 1.1 Unarmed Combat
 + Level 1.1 Spellcasting
 + Level 0.9 Conjurations
 + Level 0.9 Hexes
 + Level 0.9 Summonings
 + Level 0.9 Necromancy
 + Level 0.9 Translocations
 + Level 0.9 Transmutations
 + Level 0.9 Fire Magic
 + Level 0.9 Ice Magic
 + Level 0.9 Air Magic
 + Level 0.9 Earth Magic
 + Level 0.9 Poison Magic
 + Level 1.2 Invocations
 + Level 1.1 Evocations


You had 5 spell levels left.
You didn't know any spells.
Your spell library contained the following spells:

 Spells                   Type           Power      Damage    Failure   Level
 Corona                   Hex            2%         N/A       26%         1
 Ensorcelled Hibernation  Hex/Ice        4%         N/A       36%         2
 Tukima's Dance           Hex            2%         N/A       58%         3

Inventory:

Hand Weapons
 a - a +0 mace (weapon)
Armour
 b - a +0 robe (worn)
 c - a +0 chain mail
Scrolls
 e - 2 scrolls of identify {unknown}
 f - a scroll of teleportation {unknown}
Potions
 d - a potion of attraction {unknown}
 g - a potion of heal wounds {unknown}

Dungeon Overview and Level Annotations

Branches:
Dungeon (2/15)

Altars:

Annotations:
D:1 Robin

▒..............▒
▒..............▒
▒..............▒
▒..............▒
▒..............▒
▒▒▒▒▒▒▒..............▒
......+).............▒
▒▒▒▒▒▒▒..........)g..▒
'...............g>▒▒▒▒
▒▒▒▒▒▒▒▒▒▒▒.▒▒▒▒▒g▒
............▒▒..▒.▒
≈≈≈≈.≈≈≈≈≈..▒▒..▒.▒
≈≈≈...≈≈≈...▒▒..▒.▒
.≈.....≈....▒▒..▒.▒
..≈≈≈≈≈.....▒▒..▒.▒
...≈≈≈......▒▒..▒.▒
....≈.......▒▒..▒.▒


You could see Robin and a hobgoblin (strong).


Message History

You bite Robin, but do no damage.
Robin is moderately wounded.
The hobgoblin barely misses you. Robin closely misses you.
You hit Robin. You bite Robin, but do no damage.
Robin is heavily wounded.
The hobgoblin hits you.
* * * LOW HITPOINT WARNING * * *
Robin hits you with a +0 short sword.
* * * LOW HITPOINT WARNING * * *
You hit Robin.
Robin is severely wounded.
The hobgoblin closely misses you. Robin misses you.
You hit Robin but do no damage. You bite Robin, but do no damage.
Robin is severely wounded.
The hobgoblin barely misses you. Robin misses you.
You closely miss Robin. Your bite misses Robin.
Robin is severely wounded.
The hobgoblin completely misses you.
Robin's horned helmet rattles.
Robin hits you with a +0 short sword.
* * * LOW HITPOINT WARNING * * *
The hobgoblin barely misses you. Robin hits you with a +0 short sword!
You die...

Action                   |  1- 3 |  4- 6 || total
-------------------------+-------+-------++-------
Melee: Mace              |   118 |    27 ||   145
       Bite              |    10 |     4 ||    14
 Stab: Sleeping          |     9 |       ||     9
Armor: Robe              |    13 |     4 ||    17
Dodge: Dodged            |   106 |    36 ||   142

Levels and vault maps discovered:
D:1:      onia_arrival_pyramid, layout_basic,
          shapermc_ecumenical_altar_hornbeckon, serial_rivers,
          chequers_serial_rivers_micro_c, chequers_serial_rivers_large_b,
          chequers_serial_rivers_room_a, chequers_serial_rivers_small_a,
          chequers_serial_rivers_micro_e, minmay_fountain_box
D:2:      layout_basic, uniq_robin

Notes
Turn   | Place    | Note
-------+----------+-------------------------------------------
     0 | D:1      | sanka the Gnoll Monk began the quest for the Orb.
     0 | D:1      | Reached XP level 1. HP: 23/23 MP: 1/1
   197 | D:1      | Reached XP level 2. HP: 28/29 MP: 2/2
   805 | D:1      | Reached XP level 3. HP: 35/35 MP: 3/3
  1219 | D:1      | Reached skill level 1 in Invocations
  1225 | D:1      | Found a faded altar of an unknown god.
  1882 | D:2      | Noticed Robin
  2026 | D:1      | Reached skill level 1 in Short Blades
  2026 | D:1      | Reached skill level 1 in Long Blades
  2026 | D:1      | Reached skill level 1 in Axes
  2026 | D:1      | Reached skill level 1 in Polearms
  2026 | D:1      | Reached skill level 1 in Staves
  2026 | D:1      | Reached skill level 1 in Slings
  2026 | D:1      | Reached skill level 1 in Bows
  2026 | D:1      | Reached skill level 1 in Crossbows
  2026 | D:1      | Reached skill level 1 in Throwing
  2026 | D:1      | Reached skill level 1 in Armour
  2026 | D:1      | Reached skill level 1 in Shields
  2026 | D:1      | Reached skill level 1 in Unarmed Combat
  2026 | D:1      | Reached skill level 1 in Spellcasting
  2026 | D:1      | Reached skill level 1 in Evocations
  2026 | D:1      | Reached XP level 4. HP: 24/41 MP: 5/5
  2321 | D:1      | Slain by Robin

Vanquished Creatures
  2 gnolls (D:1)
  An adder (D:1)
  A dart slug (D:1)
  2 ball pythons (D:1)
  2 endoplasms (D:1)
  A giant cockroach (D:1)
  6 hobgoblins
  7 jackals
  5 kobolds
  A quokka (D:1)
  4 frilled lizards (D:1)
  12 goblins
  2 rats (D:1)
46 creatures vanquished.
